 Dungeon Crawl Stone Soup version 0.30-a0-1160-g6e42c06551 (webtiles) character file.

Game seed: 3884800325793820631

76 qeuew the Grasshopper (level 4, -1/39 HPs)
             Began as a Naga Warper on Apr 25, 2023.
             Slain by Natasha (7 damage)
             ... on level 4 of the Dungeon.
             The game lasted 00:03:49 (2525 turns).

qeuew the Grasshopper (Naga Warper)                 Turns: 2525, Time: 00:03:50

Health: -1/39      AC:  3    Str: 13 (15) XL:     4   Next: 32%
Magic:  7/7        EV:  9    Int: 10 (13) God:
Gold:   785        SH:  0    Dex: 10 (13) Spells: 2/7 levels left

rFire   . . .        a - +0 hand axe
rCold   . . .        (no shield)
rNeg    . . .        b - +1 leather armour
rPois   +            (no helmet)
rElec   .            (no cloak)
rCorr   .            (no gloves)
SInv    +            (no barding)
Will    .....        (no amulet)
Stlth   ++           (no ring)
HPRegen 0.26/turn    (no ring)
MPRegen 0.10/turn

%: no passive effects
@: short of breath, very slow
A: AC +1, large, see invisible, deformed body, poison resistance, slowness 2,
spit poison 1, naga tail 1, thin skeletal structure 1, wild magic 1
a: Spit Poison


You were on level 4 of the Dungeon.
You visited 1 branch of the dungeon, and saw 4 of its levels.

You collected 785 gold pieces.

Inventory:

Hand Weapons
 a - a +0 hand axe (weapon)
Missiles
 d - 7 boomerangs of dispersal
 o - 3 boomerangs
Armour
 b - a +1 leather armour (worn)
Wands
 l - a wand of flame (6)
Scrolls
 c - 2 scrolls of blinking
 m - a scroll of enchant armour
 n - 2 scrolls of immolation {unknown}
 p - 2 scrolls of identify
Potions
 f - a potion of haste
 h - 2 potions of resistance


   Skills:
 + Level 2.3 Fighting
 * Level 2.7 Axes
 - Level 0.8 Throwing
 + Level 1.2 Armour
 + Level 1.9 Dodging
 + Level 2.3 Spellcasting
 * Level 3.6 Translocations
 + Level 0.4 Air Magic


You had 2 spell levels left.
You knew the following spells:

 Your Spells              Type           Power      Damage    Failure   Level
a - Vhi's Electric Charg  Tloc/Air       12%        N/A       54%         3
b - Blink                 Tloc           20%        N/A       19%         2

Your spell library contained the following spells:

 Spells                   Type           Power      Damage    Failure   Level
 Lesser Beckoning         Tloc           20%        N/A       19%         2
 Beastly Appendage        Tmut           2%         N/A       45%         1
 Wereblood                Tmut           1%         N/A       61%         2
 Teleport Other           Tloc           10%        N/A       34%         3
 Manifold Assault         Tloc           10%        N/A       73%         4
 Spider Form              Tmut/Pois      1%         N/A       82%         3


Dungeon Overview and Level Annotations

Branches:
Dungeon (4/15)
 Temple: D:4-7

Altars:
Gozag

Annotations:
D:4 Natasha


Innate Abilities, Weirdness & Mutations

Your serpentine skin is tough. (AC +1)
You have supernaturally acute eyesight. (SInv)
Armour fits poorly on your strangely shaped body.
Your system is resistant to poisons. (rPois)
You cover ground very slowly.
You can spit poison.
You have a snake-like lower body.
You have a somewhat thin skeletal structure. (Dex +2, Stealth+)
Your spells are a little harder to cast, but a little more powerful.


Message History

You barely miss the cerulean imp. You hit Natasha.
The cerulean imp hits you with a +2 spear.
Natasha closely misses you.
The cerulean imp hits you with a +2 spear.
You hit Natasha.
Natasha is lightly wounded.
You hit the cerulean imp. Natasha claws you.
The cerulean imp hits you with a +2 spear.
You are too injured to fight recklessly!
You are too injured to fight recklessly!
You are too injured to fight recklessly!
You are too injured to fight recklessly!
You are too injured to fight recklessly!
You are too injured to fight recklessly!
You are too injured to fight recklessly!
You are too injured to fight recklessly!
You are too injured to fight recklessly!
You are too injured to fight recklessly!
You are too injured to fight recklessly!
Unknown command.
You hit Natasha.
Natasha is heavily wounded.
You closely miss the cerulean imp.
Natasha extends her claws.
Natasha claws you. The cerulean imp barely misses you.
Natasha completely misses you.
You slash Natasha!
Natasha is almost dead.
You barely miss the cerulean imp.
The cerulean imp hits you with a +2 spear.
* * * LOW HITPOINT WARNING * * *
Natasha closely misses you.
Aiming: Spit Poison (1% risk of failure)
Press: ? - help, Q - select action, (/) - cycle Shift-Dir - straight line, f - cerulean imp
Aim: a cerulean imp, wielding a +2 spear (moderately wounded, summoned, 41% to hit)
The splash of poison misses the cerulean imp.
The cerulean imp hits you with a +2 spear.
* * * LOW HITPOINT WARNING * * *
Natasha claws you!
You die...

#.... #... #.. #####.
#.####......
.#########.........
..................
............###.####.#
......5@.............
......h......|...###
...###.#.....#.†## #
.........#..# ..
..............######.
..##..##...#..........
. ....
#...#..#####.##) ##..
#...............
#............##.


You could see Natasha and a cerulean imp (summoned).

Vanquished Creatures
  2 adders (D:2)
  A worm (D:2)
  A dart slug (D:3)
  6 ball pythons
  An endoplasm (D:2)
  2 giant cockroaches
  4 goblins
  7 hobgoblins
  2 jackals (D:1)
  2 quokkas (D:2)
  3 bats
  6 frilled lizards
  6 kobolds
  7 rats
50 creatures vanquished.

Notes
Turn   | Place    | Note
-------+----------+-------------------------------------------
     0 | D:1      | qeuew the Naga Warper began the quest for the Orb.
     0 | D:1      | Reached XP level 1. HP: 19/19 MP: 3/3
   311 | D:1      | Reached XP level 2. HP: 25/26 MP: 5/5
   686 | D:1      | Identified a scroll of acquirement
   686 | D:1      | Acquired 564 gold pieces
   810 | D:2      | Reached skill level 1 in Armour
   990 | D:2      | Found an opulent altar of Gozag.
  1033 | D:2      | Reached XP level 3. HP: 14/32 MP: 6/6
  1041 | D:2      | Learned a level 3 spell: Vhi's Electric Charge
  1708 | D:2      | Reached XP level 4. HP: 28/39 MP: 7/7
  1847 | D:2      | Learned a level 2 spell: Blink
  2424 | D:3      | Gained mutation: You have a somewhat thin skeletal
                  | structure. (Dex +2, Stealth+) [potion of mutation]
  2424 | D:3      | Gained mutation: Your spells are a little harder to cast,
                  | but a little more powerful. [potion of mutation]
  2514 | D:4      | Noticed Natasha
  2525 | D:4      | Slain by Natasha

Illustrated notes

Levels and vault maps discovered:
D:1:      spicycebolla_green_bress_n_ham_2, layout_basic
D:2:      layout_basic, basic_altar, kennysheep_generic_room_4
D:3:      layout_basic, minmay_misc_feat_five
D:4:      layout_basic, kennysheep_decorative_pillar, uniq_natasha

Skill      XL: |  1  2 |
---------------+-------+-----
Armour         | 1 |  1.2
Fighting       | |  2.3
Axes           | |  2.7
Throwing       | |  0.8
Dodging        | |  1.9
Spellcasting   | |  2.3
Translocations | |  3.6
Air Magic      | |  0.4

Action                     |  1- 3 |  4- 6 || total
---------------------------+-------+-------++-------
  Melee: Hand axe          |   106 |    56 ||   162
Ability: Spit Poison       |    17 |     1 ||    18
    Use: Scroll            |     4 |     4 ||     8
         Potion            |     1 |     6 ||     7
 Armour: Leather armour    |    23 |    15 ||    38
  Dodge: Dodged            |    72 |    31 ||   103

Table legend: (Time is in decaauts)
 A = Elapsed time spent in this place.
 B = Non-inter-level travel time spent in this place.
 C = Inter-level travel time spent in this place.
 D = Time resting spent in this place.
 E = Time spent auto-exploring this place.
 F = Levels seen in this place.
 G = Mean time per level.
                   A        B        C        D        E       F      G
               +--------+--------+--------+--------+--------+-----+--------+
         Total |   3219 |   3148 |     71 |      0 |   2676 |   4 |  804.8 |
       Dungeon |   3219 |   3148 |     71 |      0 |   2676 |   4 |  804.8 |
               +--------+--------+--------+--------+--------+-----+--------+

Top non-repeatable levels by time:
     D:2: 1380 daAuts
     D:1: 942 daAuts
     D:3: 785 daAuts
     D:4: 111 daAuts
